 Dungeon Crawl Stone Soup version 0.22-a0-150-g005426d (webtiles) character file.

155873 wolfsongas the Warrior (level 17, -19/149 HPs)
             Began as a Demonspawn Gladiator on Feb 8, 2018.
             Was an Initiate of Gozag.
             Blown up by an orb spider (47 damage)
             ... with an orb of destruction
             ... on level 4 of the Spider Nest.
             The game lasted 01:27:45 (31858 turns).

wolfsongas the Warrior (Demonspawn Gladiator)      Turns: 31858, Time: 01:27:45

Health: -19/149    AC: 27    Str: 21    XL:     17   Next: 9%
Magic:  17/17      EV:  6    Int: 14    God:    Gozag
Gold:   4492       SH: 15    Dex: 17    Spells: 16/16 levels left

rFire    + . .     SeeInvis .   j - +2 demon trident (elec)
rCold    + + .     Gourm    .   b - -2 large shield
rNeg     + . .     Faith    .   x - +3 plate armour
rPois    +         Spirit   .   k - +2 hat
rElec    .         Reflect  +   e - scarf {rC+ rF+}
rCorr    .         Harm     .   (no gloves)
MR       +....                  (boots unavailable)
Stlth    ..........             v - +3 amulet of reflection
HPRegen  0.34/turn              H - +2 ring of evasion
MPRegen  0.15/turn              C - ring of Maeduaboi {*Drain +Blink rC+ Int+4 Dex+2}

@: lethally poisoned (-19 -> -28)
A: hooves 3, iridescent scales 3, blink, negative energy resistance 1, poison
resistance, powered by death 2, spiny 1, wild magic 1
a: Blink, Potion Petition, Call Merchant, Bribe Branch, Renounce Religion, Evoke
Blink


You were on level 4 of the Spider Nest.
You worshipped Gozag.
Gozag was most pleased with you.
You were full.

You visited 5 branches of the dungeon, and saw 27 of its levels.
You also visited: Ossuary, Bailey and Ice Cave.

You collected 9938 gold pieces.
You spent 2027 gold pieces at shops.
You paid 3419 gold pieces to Gozag.

Inventory:

Hand Weapons
 d - a +1 glaive of flaming
 j - a +2 demon trident of electrocution (weapon)
Armour
 a - a +0 shield
 b - a -2 large shield (worn)
 e - a scarf of resistance (worn)
 k - a +2 hat (worn)
 x - a +3 plate armour (worn)
Jewellery
 l - an uncursed ring of resist corrosion
 v - a +3 amulet of reflection (around neck)
 C - the ring of Maeduaboi (right hand) {*Drain +Blink rC+ Int+4 Dex+2}
   (You acquired it in a bailey)

   [ring of protection from cold]

   It affects your intelligence (+4).
   It affects your dexterity (+2).
   It protects you from cold.
   It lets you blink.
   It causes draining when unequipped.
 H - a +2 ring of evasion (left hand)
Wands
 g - a wand of flame (19)
 n - a wand of digging (49)
 s - a wand of disintegration (13)
Scrolls
 m - 11 scrolls of teleportation
 o - 7 scrolls of magic mapping
 p - a scroll of identify
 t - 19 scrolls of remove curse
 z - 3 scrolls of fog
Potions
 f - 5 potions of lignification
 h - 3 potions of brilliance
 r - 3 potions of curing
 u - 4 potions of magic
 w - 3 potions of agility
 A - a potion of cancellation
 D - 3 potions of berserk rage
 I - 6 potions of flight
 K - a potion of ambrosia
Comestibles
 i - 16 rations


   Skills:
 - Level 17.7 Fighting
 - Level 16.9 Polearms
 - Level 1.7 Throwing
 - Level 14.2 Armour
 - Level 2.6 Dodging
 * Level 3.2 Shields


You had 16 spell levels left.
You didn't know any spells.

Dungeon Overview and Level Annotations

Branches:
Dungeon (15/15)            Temple (1/1) D:5            Lair (5/6) D:9
  Swamp (0/4) Lair:2       Spider (4/4) Lair:3        Slime (0/5) Lair:5
    Orc (2/2) D:9             Elf (0/3) Orc:2        Vaults (0/5) D:13
 Depths (0/5) D:15

Altars:
Ashenzari
Cheibriados
Dithmenos
Elyvilon
Fedhas
Gozag
Hepliaklqana
Kikubaaqudgha
Makhleb
Nemelex Xobeh
Okawaru
Qazlal
Ru
Sif Muna
Trog
Uskayaw
Vehumet
Wu Jian
Xom
Yredelemnul
Zin
The Shining One
Beogh
Jiyva

Shops:
D:4 }   D:5 =   D:11 *   D:13 ?   D:15 ((   Orc:2 [**%

Annotations:
Spider:4 Arachne


Innate Abilities, Weirdness & Mutations

You have hooves in place of feet.
You are completely covered in iridescent scales. (AC +6)
You resist negative energy. (rN+)
You regenerate health from kills.
You are partially covered in sharp spines.
You can translocate small distances at will.
Your system is resistant to poisons. (rPois)
Your spells are a little harder to cast, but a little more powerful.


Message History

You feel sick. You block the jumping spider's attack.
The jumping spider bites you but does no damage.
You closely miss the jumping spider. Your kick misses the jumping spider.
The jumping spider is severely wounded.
You feel sick. The orb of destruction hits you!
* * * LOW HITPOINT WARNING * * *
The jumping spider leaps!
The orb spider begins to weave its threads into a brightly glowing ball.
You feel very sick.
You feel sick.
The jumping spider leaps!
You feel sick.
The orb spider pulsates with a strange energy.
The orb spider weaves a glowing orb of energy.
An orb of destruction comes into view.
You feel sick.
The jumping spider leaps!
You feel sick.
The orb spider weaves a glowing orb of energy.
An orb of destruction comes into view.
You feel sick. The orb of destruction hits you!
You die...

#..#.......###..[#
#...........^....#
......^..s..[s§##
#.##....##§..§.#
##....#*.§###
##..##.§...#
##...#..§...#
#..###.§...##
##....#.@..##
###.#...######
##^.....##
#.......#
#....#..#
####.^### ##...##
##.....# ##
#......#..##


You could see 2 orb spiders.

Vanquished Creatures
  Mara (Spider:4)
  Jorgrun (Spider:4)
  Asterion (Spider:3)
  The ghost of Et the Severer, an adept NaWr of Hepliaklqana (Spider:3)
  Donald (Spider:4)
  2 orc warlords
  2 emperor scorpions
  A reaper (IceCv)
  3 entropy weavers
  Nessos (Lair:5)
  A spark wasp (Spider:3)
  Azrael (Spider:3)
  Snorg (Lair:4)
  An ettin (D:13)
  5 hydras
  Harold (Lair:3)
  An ice dragon (D:13)
  An ogre mage (D:15)
  3 centaur warriors
  3 death yaks (Lair:1)
  11 two-headed ogres
  A vampire mage (D:15)
  4 orc high priests (Orc:2)
  4 skeletal warriors (D:15)
  2 unseen horrors
  6 orc knights
  2 wizards
  Pikel (D:7)
  8 orb spiders
  A harpy (shapeshifter) (D:11)
  11 ugly things
  A necromancer (D:15)
  5 manticores
  11 wolf spiders
  3 cyclopes
  4 orc sorcerers (Orc:2)
  A deep elf mage (D:15)
  4 elephants (Lair:4)
  2 moths of wrath
  2 ice statues (IceCv)
  Maurice (Orc:1)
  3 black mambas
  2 gargoyles
  2 torpor snails
  9 spiny frogs
  6 komodo dragons
  A kobold demonologist (D:14)
  7 demonic crawlers
  9 ice devils (IceCv)
  A yaktaur (D:13)
  A guardian mummy (D:15)
  A freezing wraith (D:13)
  6 trolls
  19 jumping spiders
  Prince Ribbit (D:5)
  A hornet (D:14)
  10 blink frogs
  2 deep troll zombies (D:15)
  12 slime creatures
  5 dream sheep (Lair:5)
  An ettin zombie (D:15)
  Grinder (D:6)
  3 hippogriffs
  A tarantella (shapeshifter) (D:13)
  2 shadows (D:12)
  54 redbacks
  8 tarantellas
  17 yaks
  A deep troll skeleton (D:15)
  Grum (D:11)
  3 fire elementals (Spider:3)
  5 wyverns
  3 basilisks
  A steam dragon (D:10)
  Menkaure (D:7)
  2 vampire mosquitoes (D:14)
  3 hungry ghosts
  7 wargs
  3 soldier ants
  An acid dragon (D:12)
  5 water moccasins
  3 hell hounds (Spider:3)
  11 porcupines
  A hornet zombie (D:8)
  3 slaves (D:7)
  2 eyes of draining
  3 ice beasts
  58 orc warriors
  A sky beast (D:8)
  A black bear (Lair:4)
  2 necrophages
  5 phantoms
  30 ogres
  18 wolves
  11 centaurs
  8 crocodiles
  The ghost of Calypsia the Magician, an amateur OpWz (D:3)
  5 big kobolds
  11 bullfrogs
  5 gnoll sergeants (D:9)
  A wyvern zombie (D:11)
  5 scorpions
  7 killer bees
  3 wights (D:12)
  A vampire bat (D:5)
  A howler monkey (D:10)
  2 electric eels (Lair:5)
  3 crimson imps
  3 bullfrog zombies
  3 centaur zombies
  37 orc priests
  6 hounds
  A gnoll shaman (D:9)
  34 orc wizards
  3 bullfrog skeletons
  3 centaur skeletons
  5 iguanas
  3 jellies
  8 worker ants
  A big kobold zombie (Ossuary)
  A hound skeleton (D:7)
  A hound zombie (D:6)
  8 mummies (Ossuary)
  A worker ant zombie (D:6)
  25 gnolls
  6 adders
  6 shadow imps
  6 white imps (IceCv)
  7 ufetubi (IceCv)
  An ooze (D:3)
  3 adder skeletons
  A worm (D:3)
  13 dart slugs
  2 leopard geckos (D:1)
  127 orcs
  17 bats
  5 giant cockroaches
  A gnoll zombie (Ossuary)
  25 goblins
  25 hobgoblins
  12 jackals
  21 kobolds
  6 quokkas
  6 frilled lizards
  3 hobgoblin zombies (Ossuary)
  A jackal skeleton (D:6)
  2 kobold zombies (Ossuary)
  A leopard gecko skeleton (D:3)
  2 leopard gecko zombies
  An orc zombie (Ossuary)
  A quokka zombie (D:6)
  6 rats
990 creatures vanquished.

Vanquished Creatures (others)
  An eldritch tentacle (Spider:3)
  3 white imps (IceCv)
  3 ufetubi (IceCv)
  A fungus (Lair:4)
  8 plants
  8 withered plants (D:15)
24 creatures vanquished.

Grand Total: 1014 creatures vanquished

Notes
Turn   | Place    | Note
-------+----------+-------------------------------------------
     0 | D:1      | wolfsongas the Demonspawn Gladiator began the quest for the Orb.
     0 | D:1      | Reached XP level 1. HP: 16/16 MP: 1/1
   578 | D:1      | Gained mutation: You are partially covered in iridescent scales. (AC +2) [demonic ancestry]
   578 | D:1      | Reached XP level 2. HP: 23/23 MP: 2/2
   623 | D:1      | Reached skill level 3 in Fighting
   683 | D:1      | Found a snail-covered altar of Cheibriados.
   993 | D:2      | Gained mutation: You are mostly covered in iridescent scales. (AC +4) [demonic ancestry]
   993 | D:2      | Reached XP level 3. HP: 23/29 MP: 3/3
  1688 | D:3      | Reached skill level 4 in Fighting
  1688 | D:3      | Gained mutation: You regenerate a little health from kills. [demonic ancestry]
  1688 | D:3      | Reached XP level 4. HP: 32/38 MP: 4/4
  1720 | D:3      | Reached skill level 5 in Fighting
  1913 | D:3      | Noticed Calypsia's ghost (amateur OpWz)
  1935 | D:3      | Killed Calypsia's ghost
  1935 | D:3      | Gained mutation: You have large cloven feet. [demonic ancestry]
  1935 | D:3      | Reached XP level 5. HP: 34/44 MP: 5/5
  1958 | D:3      | Reached skill level 1 in Armour
  1989 | D:3      | Found a shimmering altar of Xom.
  2078 | D:3      | Found a sparkling altar of Nemelex Xobeh.
  2117 | D:3      | Found a glowing golden altar of the Shining One.
  2602 | D:3      | Reached XP level 6. HP: 43/52 MP: 6/6
  2821 | D:4      | Found an ancient bone altar of Kikubaaqudgha.
  3058 | D:4      | Found a sand-covered staircase.
  3073 | D:4      | Reached skill level 6 in Fighting
  3076 | Ossuary  | Entered an ossuary
  3716 | D:4      | Found Tiewnomn's Gadget Boutique.
  3931 | D:5      | Entered Level 5 of the Dungeon
  3964 | D:5      | Gained mutation: You are partially covered in sharp spines. [demonic ancestry]
  3964 | D:5      | Reached XP level 7. HP: 59/59 MP: 7/7
  4006 | D:5      | Reached skill level 7 in Fighting
  4349 | D:5      | Found Nyli's Jewellery Shop.
  4357 | D:5      | Bought a +3 amulet of reflection for 219 gold pieces
  4357 | D:5      | Bought a +1 ring of protection for 42 gold pieces
  4369 | D:5      | Gained mutation: You occasionally shout uncontrollably at your foes. [potion of mutation]
  4369 | D:5      | Gained mutation: Your spells are a little harder to cast, but a little more powerful. [potion of mutation]
  4370 | D:5      | Lost mutation: Your spells are a little harder to cast, but a little more powerful. [potion of mutation]
  4370 | D:5      | Lost mutation: You occasionally shout uncontrollably at your foes. [potion of mutation]
  4370 | D:5      | Gained mutation: Scrolls take you a little longer to read. [potion of mutation]
  4370 | D:5      | Gained mutation: You are weak. (Str -2) [potion of mutation]
  4370 | D:5      | Gained mutation: Your body sometimes deteriorates upon taking damage. [potion of mutation]
  4370 | D:5      | Gained mutation: You have a beak for a mouth. [potion of mutation]
  4371 | D:5      | Lost mutation: Your body sometimes deteriorates upon taking damage. [potion of mutation]
  4371 | D:5      | Lost mutation: You are weak. (Str -2) [potion of mutation]
  4371 | D:5      | Gained mutation: You are somewhat resistant to further mutation. [potion of mutation]
  4374 | D:5      | Noticed Prince Ribbit
  4415 | D:5      | Found a staircase to the Ecumenical Temple.
  4541 | D:5      | Found an iron altar of Okawaru.
  4595 | D:5      | Killed Prince Ribbit
  4595 | D:5      | Reached XP level 8. HP: 51/68 MP: 8/8
  4605 | D:5      | Reached skill level 8 in Fighting
  4643 | D:5      | Got a steaming long sword
  4654 | D:5      | Identified the +11 long sword "Ximnopog" {slice, Dex+3} (You found it on level 5 of the Dungeon)
  4718 | D:5      | Reached skill level 5 in Polearms
  4943 | Temple   | Entered the Ecumenical Temple
  5172 | Temple   | Became a worshipper of Gozag Ym Sagoz the Greedy
  5672 | D:6      | Noticed Grinder
  5688 | D:6      | Killed Grinder
  5688 | D:6      | Reached skill level 9 in Fighting
  5747 | D:6      | Found a blossoming altar of Fedhas.
  5769 | D:6      | Found an opulent altar of Gozag.
  5968 | D:6      | Reached XP level 9. HP: 52/76 MP: 9/9
  5984 | D:6      | Found a deep blue altar of Sif Muna.
  6177 | D:7      | Reached skill level 5 in Armour
  6236 | D:7      | Found a stormy altar of Qazlal.
  6245 | D:7      | Noticed Pikel
  6261 | D:7      | Killed Pikel
  6290 | D:7      | Reached skill level 11 in Fighting
  6290 | D:7      | Gained mutation: You are completely covered in iridescent scales. (AC +6) [demonic ancestry]
  6290 | D:7      | Reached XP level 10. HP: 87/87 MP: 10/10
  6291 | D:7      | Reached skill level 12 in Fighting
  6291 | D:7      | Gained mutation: You have hoof-like feet. [demonic ancestry]
  6291 | D:7      | Reached XP level 11. HP: 94/94 MP: 11/11
  6551 | D:7      | Found an ornate altar of the Wu Jian Council.
  6629 | D:7      | Noticed Menkaure
  6640 | D:7      | Killed Menkaure
  6640 | D:7      | Reached skill level 10 in Polearms
  7096 | D:8      | Found a deep blue altar of Sif Muna.
  7110 | D:8      | Noticed a two-headed ogre
  7121 | D:8      | Killed a two-headed ogre
  7192 | D:8      | Found a shadowy altar of Dithmenos.
  8226 | D:9      | Found a staircase to the Orcish Mines.
  8542 | D:9      | Found a staircase to the Lair.
  9012 | D:10     | Entered Level 10 of the Dungeon
  9014 | D:10     | Reached XP level 12. HP: 103/103 MP: 12/12
  9159 | D:10     | Found a flagged portal.
  9182 | Bailey   | Entered a bailey
  9627 | Bailey   | Noticed an orc warlord
  9667 | Bailey   | Killed an orc warlord
  9667 | Bailey   | Reached skill level 10 in Armour
  9726 | Bailey   | Identified a scroll of acquirement
  9728 | Bailey   | Got a flickering ivory ring
  9729 | Bailey   | Identified the ring of Maeduaboi {*Drain +Blink rC+ Int+4 Dex+2} (You acquired it in a bailey)
  9868 | D:10     | Reached skill level 13 in Fighting
  9928 | D:10     | Noticed a two-headed ogre
  9941 | D:10     | Killed a two-headed ogre
 10235 | D:11     | Got a brightly glowing hand axe
 10275 | D:11     | Noticed a two-headed ogre
 10280 | D:11     | Killed a two-headed ogre
 10284 | D:11     | Identified the +4 hand axe of Incongruity {elec, Int+5 Stlth-} (You found it on level 11 of the Dungeon)
 10309 | D:11     | Noticed Grum
 10330 | D:11     | Killed Grum
 10628 | D:11     | Noticed a two-headed ogre
 10634 | D:11     | Killed a two-headed ogre
 10948 | D:11     | Gained mutation: You resist negative energy. (rN+) [demonic ancestry]
 10948 | D:11     | Reached XP level 13. HP: 57/111 MP: 13/13
 11763 | D:11     | Bought a glass ring for 170 gold pieces
 11763 | D:11     | Bought a dented diamond amulet for 170 gold pieces
 11824 | Lair:1   | Entered Level 1 of the Lair of Beasts
 11845 | Lair:1   | Found a frozen archway.
 11861 | IceCv    | Entered an ice cave
 12423 | IceCv    | Noticed a reaper
 12447 | IceCv    | Killed a reaper
 13036 | Lair:1   | Gained mutation: You regenerate health from kills. [demonic ancestry]
 13036 | Lair:1   | Reached XP level 14. HP: 118/118 MP: 14/14
 14883 | Lair:2   | Found a staircase to the Swamp.
 15281 | Lair:3   | Reached skill level 14 in Fighting
 15313 | Lair:3   | Found a hole to the Spider Nest.
 15355 | Lair:3   | Noticed Harold
 15372 | Lair:3   | Killed Harold
 16706 | Lair:4   | Identified the +4 ring mail of Cetin {+Inv Int-4 Dex+3} (You found it on level 4 of the Lair of Beasts)
 16764 | Lair:4   | Noticed Snorg
 16774 | Lair:4   | Killed Snorg
 17263 | Lair:5   | Noticed Nessos
 17277 | Lair:5   | Reached skill level 15 in Polearms
 17279 | Lair:5   | Found a staircase to the Slime Pits.
 17279 | Lair:5   | Found a viscous altar of Jiyva.
 17286 | Lair:5   | Killed Nessos
 17973 | Lair:5   | Identified the +2 robe of Plog {+Fly Str+7} (You found it on level 5 of the Lair of Beasts)
 18451 | Orc:1    | Entered Level 1 of the Orcish Mines
 18684 | Orc:2    | Entered Level 2 of the Orcish Mines
 19255 | Orc:2    | Identified the +4 short sword of Propriety {freeze, MP+9 Dex+3} (You found it on level 2 of the Orcish Mines)
 19304 | Orc:2    | Found a staircase to the Elven Halls.
 19500 | Orc:2    | Found a roughly hewn altar of Beogh.
 19530 | Orc:2    | Reached XP level 15. HP: 109/127 MP: 15/15
 19601 | Orc:2    | Found Ygynup's Food Boutique.
 19627 | Orc:2    | Found Hocoupe's Assorted Antiques.
 20032 | Orc:2    | Noticed an orc warlord
 20053 | Orc:2    | Killed an orc warlord
 20094 | Orc:2    | Found a roughly hewn altar of Beogh.
 20110 | Orc:2    | Found Loeruss's Antique Armour Shop.
 20302 | Orc:2    | Found Oliteceg's General Store.
 20336 | Orc:2    | Bought a potion of mutation for 112 gold pieces
 20336 | Orc:2    | Lost mutation: You have a beak for a mouth. [potion of mutation]
 20336 | Orc:2    | Lost mutation: Scrolls take you a little longer to read. [potion of mutation]
 20336 | Orc:2    | Lost mutation: You are somewhat resistant to further mutation. [potion of mutation]
 20336 | Orc:2    | Gained mutation: Your system is resistant to poisons. (rPois) [potion of mutation]
 20336 | Orc:2    | Gained mutation: You can translocate small distances at will. [potion of mutation]
 20336 | Orc:2    | Gained mutation: Your spells are a little harder to cast, but a little more powerful. [potion of mutation]
 20486 | Orc:1    | Noticed Maurice
 20526 | Orc:1    | Killed Maurice
 21822 | D:13     | Reached skill level 15 in Fighting
 22066 | D:13     | Found a gate to the Vaults.
 22945 | D:14     | Found a sparkling altar of Nemelex Xobeh.
 23237 | D:15     | Entered Level 15 of the Dungeon
 23267 | D:15     | Got a bone flail
 23285 | D:15     | Identified the +12 flail "Rituxec" {pain, *Noise MR+ Dex+5} (You found it on level 15 of the Dungeon)
 23319 | D:15     | Reached skill level 16 in Fighting
 24126 | D:15     | Reached XP level 16. HP: 95/139 MP: 16/16
 24146 | D:15     | Found a staircase to the Depths.
 25059 | Spider:1 | Entered Level 1 of the Spider Nest
 25506 | Spider:1 | Reached skill level 17 in Fighting
 26203 | Spider:2 | Got a twisted falchion
 28198 | Spider:3 | Noticed Azrael
 28234 | Spider:3 | Killed Azrael
 28464 | Spider:3 | Noticed Asterion
 28496 | Spider:3 | Killed Asterion
 29109 | Spider:3 | Noticed Et's ghost (adept NaWr)
 29135 | Spider:3 | Killed Et's ghost
 29406 | Spider:4 | Entered Level 4 of the Spider Nest
 29755 | Spider:4 | Noticed Mara
 29767 | Spider:4 | Noticed wolfsongas's illusion
 29783 | Spider:4 | Killed Mara
 29992 | Spider:4 | Noticed Arachne
 30334 | Spider:4 | Noticed Jorgrun
 30358 | Spider:4 | Killed Jorgrun
 30358 | Spider:4 | Gained mutation: You have hooves in place of feet. [demonic ancestry]
 30358 | Spider:4 | Reached XP level 17. HP: 102/149 MP: 17/17
 30643 | D:13     | Bought a scroll of enchant weapon for 135 gold pieces
 30643 | D:13     | Bought a scroll of acquirement for 936 gold pieces
 30647 | D:13     | Bought a scroll of identify for 36 gold pieces
 30649 | D:13     | Bought a scroll of identify for 36 gold pieces
 30649 | D:13     | Bought a scroll of identify for 36 gold pieces
 30649 | D:13     | Bought a scroll of blinking for 135 gold pieces
 30649 | D:13     | Identified the +8 falchion of the Evening {venom, +Rage rN++ Dex-5 SInv} (You found it on level 2 of the Spider Nest)
 30866 | Spider:4 | Reached skill level 1 in Shields
 30868 | Spider:4 | Noticed Donald
 30882 | Spider:4 | Killed Donald
 31858 | Spider:4 | Blown up by an orb spider

Vault maps used:
D:1:      scummos_arrival_gate, cheibriados_altar_1
D:2:      first_ration, grunt_ministairs_3
D:3:      kennysheep_slugbush, overflow_temple_1_default, lemuel_crystal_altar,
          nemelex_dance_club_becter
D:4:      kiku_gazebo_pond_becter, enter_ossuary_1, minmay_shop_grid_forest
D:5:      nicolae_overflow_hidden_temple, minmay_temple_entry_grid,
          serial_shops, shop, roderic_batcave, uniq_prince_ribbit1
D:6:      fedhas_altar_1, led_sif_pool, serial_undead, serial_undead_e,
          serial_undead_e, serial_undead_a, serial_undead_c,
          grunt_gozag_breadcrumbs, uniq_grinder
D:7:      kennysheep_mini, nicolae_qazlal_eye_of_the_storm, uniq_menkaure,
          uniq_pikel
D:8:      nicolae_dithmenos_through_a_glass_darkly, basic_altar
D:9:      kennysheep_housing_project, erik_lair_orcish_takeover,
          kennysheep_orc_monster_closet_entryway
D:10:     enter_bailey_3
D:11:     grunt_ogre_cave, uniq_grum
D:13:     david_vaults_4
D:14:     nemelex_xobeh_ov_fountains_minmay
D:15:     gammafunk_depths_entry_grave, serial_bayou_pond_d
Temple:   nicolae_temple_figure_eight
Lair:1:   portal_ice_cave_entry_pillars_1, grunt_megastairs_4
Lair:2:   swamp_mist_pool, nicolae_quartered_pool_medium
Lair:3:   nicolae_spider_entry_orb_guardian, hibernation_bobbens,
          lemuel_fruit_tree, uniq_harold
Lair:4:   uniq_snorg
Lair:5:   slime_altar_1, serial_bayou_lagoon_b, uniq_nessos
Spider:1: guppyfry_spider_mini_3
Spider:3: uniq_azrael, uniq_asterion
Spider:4: grunt_spider_rune_circles, spider_trap, nicolae_orb_stairs,
          uniq_arachne, uniq_donald, uniq_louise, uniq_mara, uniq_jorgrun
Orc:1:    uniq_maurice
Orc:2:    pubby_orc_utopia
Ossuary:  ossuary_tomb_3
Bailey:   bailey_axe_minmay_hex_keep, bailey
IceCv:    ice_cave_small_demon

Skill      XL: |  1  2  3  4  5  6  7  8  9 10 11 12 13 14 15 16 17 |
---------------+----------------------------------------------------+-----
Fighting       | 3 4 5 6 7 9 11 12 13 14 16 17 | 17.7
Polearms       | 3 4 5 8 9 10 13 15 16 | 16.9
Armour         | 1 2 3 4 7 9 10 12 13 14 | 14.2
Shields        | 3 |  3.2
Throwing       | |  1.7
Dodging        | |  2.6

Action                   |  1- 3 |  4- 6 |  7- 9 | 10-12 | 13-15 | 16-18 || total
-------------------------+-------+-------+-------+-------+-------+-------++-------
Melee: Trident           |   111 |   120 |       |       |       |       ||   231
       Kick              |       |    48 |     9 |       |       |    33 ||    90
       Halberd           |       |   126 |   228 |   658 |  1566 |   154 ||  2732
       Peck              |       |       |    27 |    78 |   206 |       ||   311
       Unarmed           |       |       |       |       |    35 |       ||    35
       Glaive            |       |       |       |       |       |   352 ||   352
       Demon trident     |       |       |       |       |       |   113 ||   113
Invok: Call Merchant     |       |       |       |       |     1 |     3 ||     4
       Potion Petition   |       |       |       |       |       |     1 ||     1
  Use: Scroll            |     6 |     9 |     7 |    11 |    21 |    18 ||    72
       Potion            |     1 |     6 |     5 |    13 |    10 |    12 ||    47
 Stab: Sleeping          |     1 |       |       |       |       |       ||     1
       Distracted        |       |       |       |     8 |    10 |     5 ||    23
  Eat: Ration            |     2 |     1 |     2 |     5 |    15 |     7 ||    32
       Chunk             |       |       |     1 |       |       |       ||     1
Armor: Leather armour    |    21 |       |       |       |       |       ||    21
       Scale mail        |    32 |    22 |       |       |       |       ||    54
       Skin              |       |    73 |    73 |    24 |    12 |       ||   182
       Chain mail        |       |   161 |   115 |   108 |       |       ||   384
       Plate armour      |       |       |       |   117 |   698 |   530 ||  1345
Dodge: Dodged            |    80 |   124 |    64 |   126 |   458 |   317 ||  1169
Block: Other             |       |       |    12 |    56 |   111 |    67 ||   246
       Reflection        |       |       |       |     7 |     4 |       ||    11
       Large shield      |       |       |       |       |       |    82 ||    82

Table legend:
 A = Spawn XP
 B = Non-spawn XP
 C = Spawn XP percentage of total XP
 D = Spawn monster count
 E = Non-spawn monster count
 F = Spawn count percentage of total count
 G = Total turns spent on level
                    A         B        C        D         E        F      G
               +---------+---------+-------+---------+---------+-------+---------
         Total |       0 |  187371 |   0.0 |       0 |     987 |   0.0 | 31858
               +---------+---------+-------+---------+---------+-------+---------
           D:1 |       0 |      38 |   0.0 |       0 |      20 |   0.0 |  1279
           D:2 |       0 |      19 |   0.0 |       0 |      11 |   0.0 |   463
           D:3 |       0 |     332 |   0.0 |       0 |      40 |   0.0 |  1222
           D:4 |       0 |     134 |   0.0 |       0 |      10 |   0.0 |   613
           D:5 |       0 |    1313 |   0.0 |       0 |      32 |   0.0 |  1040
           D:6 |       0 |     812 |   0.0 |       0 |      22 |   0.0 |   813
           D:7 |       0 |    1690 |   0.0 |       0 |      17 |   0.0 |  1046
           D:8 |       0 |    1686 |   0.0 |       0 |      21 |   0.0 |   443
           D:9 |       0 |    3812 |   0.0 |       0 |      75 |   0.0 |  1676
          D:10 |       0 |    2252 |   0.0 |       0 |      29 |   0.0 |   576
          D:11 |       0 |    7891 |   0.0 |       0 |      41 |   0.0 |  1666
          D:12 |       0 |    3196 |   0.0 |       0 |      29 |   0.0 |   911
          D:13 |       0 |   10195 |   0.0 |       0 |      34 |   0.0 |   742
          D:14 |       0 |   10063 |   0.0 |       0 |      36 |   0.0 |   845
          D:15 |       0 |   20656 |   0.0 |       0 |      42 |   0.0 |  1634
        Lair:1 |       0 |    7716 |   0.0 |       0 |      23 |   0.0 |  1643
        Lair:2 |       0 |    4637 |   0.0 |       0 |      20 |   0.0 |   816
        Lair:3 |       0 |    5536 |   0.0 |       0 |      19 |   0.0 |   921
        Lair:4 |       0 |    7258 |   0.0 |       0 |      23 |   0.0 |  1170
        Lair:5 |       0 |    5847 |   0.0 |       0 |      22 |   0.0 |  1107
      Spider:1 |       0 |    9053 |   0.0 |       0 |      28 |   0.0 |  1169
      Spider:2 |       0 |    9612 |   0.0 |       0 |      33 |   0.0 |   714
      Spider:3 |       0 |   19433 |   0.0 |       0 |      41 |   0.0 |  3611
      Spider:4 |       0 |   23173 |   0.0 |       0 |      25 |   0.0 |   964
         Orc:1 |       0 |    2673 |   0.0 |       0 |      39 |   0.0 |   618
         Orc:2 |       0 |   19401 |   0.0 |       0 |     145 |   0.0 |  1804
       Ossuary |       0 |     177 |   0.0 |       0 |      16 |   0.0 |   354
        Bailey |       0 |    4459 |   0.0 |       0 |      69 |   0.0 |   605
         IceCv |       0 |    4307 |   0.0 |       0 |      25 |   0.0 |  1127
               +---------+---------+-------+---------+---------+-------+---------
